 Dungeon Crawl Stone Soup version 0.18.1-48-g4cf74bf (webtiles) character file.

99 tyrion the Magician (level 4, -2/30 HPs)
             Began as a Mummy Wizard on July 24, 2016.
             Killed from afar by an orc wizard (7 damage)
             ... with a magic dart
             ... on level 3 of the Dungeon.
             The game lasted 00:04:23 (2368 turns).

tyrion the Magician (Mummy Wizard)                  Turns: 2368, Time: 00:04:24

Health: -2/30      AC:  3    Str: 10    XL:     4   Next: 45%
Magic:  2/9        EV: 12    Int: 18    God:
Gold:   120        SH:  0    Dex: 10    Spells: 4 memorised, 2 levels left

rFire  x . .     SeeInvis .     e - +0 dagger (drain)
rCold  + . .     Gourm    .     a - +0 robe
rNeg   + + +     Faith    .     (no shield)
rPois  ∞         Spirit   .     b - +0 hat
rElec  .         Dismiss  .     j - +0 cloak
rCorr  .         Reflect  .     (no gloves)
SustAt .         Harm     .     (no boots)
MR     .....                    (no amulet)
Stlth  ++........               (no ring)
                                (no ring)

@: very slightly contaminated, not resistant to hostile enchantments, unstealthy
A: no food or potions, fire vulnerability, cold resistance 1, negative energy
resistance 3, torment resistance, unbreathing
a: no special abilities


You were on level 3 of the Dungeon.
You were not hungry.

You visited 1 branch of the dungeon, and saw 3 of its levels.

You collected 120 gold pieces.

Inventory:

Hand Weapons
 e - a +0 dagger of draining (weapon)
Armour
 a - a +0 robe (worn)
 b - a +0 hat (worn)
 j - a +0 cloak (worn)
Scrolls
 d - 3 scrolls of teleportation {unknown}
 f - a scroll of amnesia {unknown}
 g - 4 scrolls of identify {unknown}
 h - 2 scrolls of fog {unknown}
 i - a scroll of blinking {unknown}
Books
 c - a book of Minor Magic

   Spells                             Type                      Level
   a - Magic Dart                     Conjuration                  1
   b - Blink                          Translocation                2
   c - Call Imp                       Summoning                    2
   d - Repel Missiles                 Charms/Air                   2
   e - Slow                           Hexes                        2
   f - Conjure Flame                  Conjuration/Fire             3
   g - Mephitic Cloud                 Conjuration/Poison/Air       3


   Skills:
 - Level 1.5 Dodging
 - Level 1.5 Stealth
 + Level 3.3 Spellcasting
 * Level 2.5 Conjurations
 - Level 0.7 Summonings
 - Level 0.7 Translocations
 * Level 1.7 Air Magic


You had 2 spell levels left.
You knew the following spells:

 Your Spells              Type           Power        Failure   Level  Hunger
a - Magic Dart            Conj           ##..         8%          1    N/A
b - Blink                 Tloc           N/A          17%         2    N/A
c - Call Imp              Summ           #.......     17%         2    N/A
d - Repel Missiles        Chrm/Air       #.....       17%         2    N/A

Dungeon Overview and Level Annotations

Branches:
Dungeon (3/15)

Altars:
Kikubaaqudgha
The Shining One


Innate Abilities, Weirdness & Mutations

You do not eat or drink.
Your flesh is vulnerable to fire.
You are immune to poison.
Your flesh is cold resistant.
You are immune to negative energy.
You are immune to unholy pain and torment.
You can survive without breathing.


Message History

Your white imp disappears in a puff of smoke!
A puff of flame appears from out of thin air!
The puff of flame hits you! The fire burns you terribly!
You start resting.
Casting: Call Imp
Confirm with . or Enter, or press ? or * to list all spells.
A beastly little devil appears in a puff of flame.
Something barely misses you.
You hear some strange, mumbled words.
A puff of flame appears from out of thin air!
The puff of flame hits you! The fire burns you terribly!
* * * LOW HITPOINT WARNING * * *
Casting: Call Imp
Confirm with . or Enter, or press ? or * to list all spells.
You miscast Call Imp.
You are very lightly contaminated with residual magic.
Nothing appears to happen.
A magic dart appears from out of thin air!
The magic dart hits you!
You die...

#.o.'....##..#...........#.#
#..'O#####..#.###.#.#####.#
#g# #..#.....#.# #.. #.#
#..#####.######### #.# #..#
#.......... #++####g#####..#
#.######### #......5o.go#..#
### ###########{#..# #.#@.#
#.#.5###############
#o..................
###.################ #.# ###


You could see a friendly crimson imp.

Vanquished Creatures
  5 adders
  A worm (D:2)
  A dart slug (D:2)
  2 giant geckos (D:2)
  An orc (D:3)
  3 giant cockroaches
  2 goblins
  9 hobgoblins
  2 quokkas (D:3)
  7 bats
  2 giant newts (D:1)
  5 kobolds
  A rat (D:3)
41 creatures vanquished.

Vanquished Creatures (collateral kills)
  A kobold (D:1)
  A ball python (D:1)
2 creatures vanquished.

Vanquished Creatures (others)
  A kobold (D:3)
  A rat (D:3)
2 creatures vanquished.

Grand Total: 45 creatures vanquished

Notes
Turn   | Place    | Note
--------------------------------------------------------------
     0 | D:1      | tyrion the Mummy Wizard began the quest for the Orb.
     0 | D:1      | Reached XP level 1. HP: 13/13 MP: 4/4
    53 | D:1      | Reached skill level 1 in Conjurations
   191 | D:1      | Reached XP level 2. HP: 9/19 MP: 0/6
   349 | D:1      | Learned a level 2 spell: Blink
   352 | D:1      | Learned a level 2 spell: Call Imp
   355 | D:1      | Learned a level 2 spell: Repel Missiles
  1054 | D:1      | Reached XP level 3. HP: 10/24 MP: 3/7
  1554 | D:2      | Reached skill level 1 in Air Magic
  1596 | D:2      | Found a glowing golden altar of the Shining One.
  1662 | D:2      | Reached XP level 4. HP: 30/30 MP: 0/9
  1882 | D:2      | Found an ancient bone altar of Kikubaaqudgha.
  2329 | D:3      | Noticed an ogre
  2368 | D:3      | Killed from afar by an orc wizard

Skill      XL: |  1  2  3 |
---------------+----------+-----
Conjurations   | 1 2 |  2.5
Air Magic      | 1 |  1.7
Dodging        | |  1.5
Stealth        | |  1.5
Spellcasting   | |  3.3
Summonings     | |  0.7
Translocations | |  0.7

Action                   |  1- 3 |  4- 6 || total
-------------------------+-------+-------++-------
Melee: Unarmed           |     8 |       ||     8
       Dagger            |    27 |     6 ||    33
 Cast: Magic Dart        |    56 |    43 ||    99
       Call Imp          |     1 |     4 ||     5
 Stab: Sleeping          |     3 |       ||     3
Armor: Robe              |    10 |     5 ||    15
Dodge: Dodged            |    26 |     9 ||    35
